 Dungeon Crawl Stone Soup version 0.29-a0-542-g075992c915 (webtiles) character file.

Game seed: 9605401591973720119

1415 benadryl the Lightning Rod (level 9, -3/79 HPs)
             Began as a Meteoran Artificer on June 4, 2022.
             Was a Follower of Qazlal.
             Slain by a killer bee (4 damage)
             ... on level 8 of the Dungeon.
             The game lasted 00:16:16 (4099 turns).

benadryl the Lightning Rod (Meteoran Artificer)     Turns: 4099, Time: 00:16:16

Health: -3/79      AC:  8    Str: 25    XL:     9   Next: 22%
Magic:  17/17      EV:  8    Int: 12    God:    Qazlal [*.....]
Gold:   213        SH:  1    Dex: 15    Spells: 8/8 levels left

rFire   . . .      SeeInvis .   n - +2 whip (holy)
rCold   . . .      Faith    .   (no shield)
rNeg    . . .      Spirit   .   l - +0 chain mail
rPois   .          Reflect  .   (no helmet)
rElec   .          Harm     .   (no cloak)
rCorr   .          Rampage  .   (no gloves)
Will    +....                   (no boots)
Stlth   ..........              (no amulet)
HPRegen 0.23/turn               h - +6 ring of strength
MPRegen 0.15/turn               (no ring)

@: lethally poisoned (-3 -> -18), about to teleport, glowing
A: sense surroundings 2, otherworldly, glowing, explore regen
a: Renounce Religion


You were on level 8 of the Dungeon.
You worshipped Qazlal.
Qazlal was aware of your devotion.
You visited 1 branch of the dungeon, and saw 8 of its levels.

You collected 213 gold pieces.

Inventory:

Hand Weapons
 a - a +0 club
 c - a +3 whip
 i - a +0 trident
 n - a +2 whip of holy wrath (weapon)
 o - a +0 short sword
 t - a +0 war axe
Missiles
 p - 8 poisoned darts (quivered)
Armour
 b - a +0 leather armour
 l - a +0 chain mail (worn)
Jewellery
 h - a +6 ring of strength (left hand)
Wands
 d - a wand of charming (15)
 v - a wand of digging (6)
Scrolls
 e - a scroll of silence {unknown}
 q - a scroll of fog {unknown}
 u - a scroll of noise {unknown}
 w - 2 scrolls of brand weapon {unknown}
Potions
 f - a potion of brilliance
 g - 4 potions of curing {@q1}
 j - a potion of flight {unknown}
 k - 2 potions of mutation
 m - a potion of resistance
 r - 2 potions of lignification
 x - a potion of attraction {unknown}


   Skills:
 + Level 7.2 Fighting
 - Level 2.4 Armour
 - Level 1.2 Dodging
 - Level 1.5 Stealth
 * Level 10.1 Invocations
 - Level 3.6 Evocations


You had 8 spell levels left.
You didn't know any spells.
Your spell library contained the following spells:

 Spells                   Type           Power      Damage    Failure   Level
 Sting                    Tmut/Pois      0%         1d3       93%         1
 Blink                    Tloc           0%         N/A       98%         2
 Poisonous Vapours        Pois/Air       0%         N/A       98%         2
 Static Discharge         Conj/Air       0%         N/A       98%         2
 Gell's Gravitas          Tloc           0%         N/A       100%        3
 Teleport Other           Tloc           0%         N/A       100%        3
 Dispel Undead            Necr           0%         3d6       100%        4
 Olgreb's Toxic Radiance  Pois           0%         N/A       100%        4
 Sticky Flame             Conj/Fire      0%         2d3       100%        4
 Manifold Assault         Tloc           0%         N/A       100%        5
 Dispersal                Tloc           0%         N/A       100%        6
 Storm Form               Tmut/Air       0%         N/A       100%        7
 Disjunction              Tloc           0%         N/A       100%        8


Dungeon Overview and Level Annotations

Branches:
Dungeon (8/15)             Temple (0/1) D:5
   Lair: D:8-11

Altars:
Cheibriados
Qazlal
Trog
Xom

Shops:
D:2 !   D:4 ([:

Annotations:
D:3 3 runed translucent doors, HypermagicGuardian's ghost, novice HOMo


Innate Abilities, Weirdness & Mutations

You passively map the area around you.
You are easily found by Zot.
You glow in the dark.
You regain HP and MP as you explore.


Message History

The killer bee poisons you!
The killer bee stings you but does no damage.
The killer bee attacks as you move away!
The killer bee stings you.
You are more poisoned.
The killer bee poisons you!
You feel very sick.
The bullfrog is engulfed in freezing vapours.
You kill the bullfrog!
Qazlal accepts your kill. The killer bee stings you.
You are more poisoned.
The killer bee poisons you! The killer bee stings you.
You feel your dexterity returning.
The killer bee attacks as you move away!
The killer bee closely misses you.
You feel very sick. The killer bee barely misses you.
The killer bee stings you.
You are more poisoned.
The killer bee poisons you!
The killer bee attacks as you move away!
The killer bee stings you.
* * * LOW HITPOINT WARNING * * *
Your surroundings seem slightly different.
* * * LOW HITPOINT WARNING * * *
You feel very sick.
* * * LOW HITPOINT WARNING * * *
You feel very sick.
As you read the scroll of teleportation, it crumbles to dust.
You feel strangely unstable.
* * * LOW HITPOINT WARNING * * *
You feel very sick. The killer bee stings you!
* * * LOW HITPOINT WARNING * * *
You are more poisoned.
The killer bee poisons you! You block the killer bee's attack.
* * * LOW HITPOINT WARNING * * *
You feel very sick. The killer bee stings you.
You die...

#....#.* ##............## .......
⌠ *##..............###
,*##...#######...).......).....##
#........##...................#
#....†.............###.........
#[..##.....S........###........
#...# ##.............#*##.......
#..#* #..§####yy..##..##........
...# #....# ##@..# #..#........
...*#......# ##..# #..........
..,......... #..# #....###...
...##.....# * ..# #..### #..# ,
.## ##....# * ,..# #.. * #..# ,
#..... , ..# ...., * ..## ,,*
#..... ,,... .., , ... , * ,,, ,
... * , , , , , * , ,,


You could see a water moccasin and 2 killer bees.

Vanquished Creatures
  A steam dragon (D:8)
  An ice beast (D:6)
  A black bear (D:7)
  2 ogres
  A centaur (D:8)
  2 bullfrogs
  A scorpion (D:5)
  4 killer bees (D:6)
  5 hounds
  Terence (D:3)
  Jessica (D:3)
  2 iguanas (D:5)
  3 orc wizards (D:6)
  3 gnolls
  4 adders
  2 shadow imps (D:5)
  3 white imps (D:5)
  A dart slug (D:5)
  9 orcs
  2 bats (D:2)
  2 endoplasms
  A giant cockroach (D:1)
  2 goblins
  6 hobgoblins
  2 jackals
  3 quokkas
  5 ball pythons
  A frilled lizard (D:3)
  2 kobolds (D:1)
  4 rats (D:2)
77 creatures vanquished.

Vanquished Creatures (others)
  A plant (D:3)
1 creature vanquished.

Grand Total: 78 creatures vanquished

Notes
Turn   | Place    | Note
-------+----------+-------------------------------------------
     0 | D:1      | benadryl the Meteoran Artificer began the quest for the
                  | Orb.
     0 | D:1      | Reached XP level 1. HP: 16/16 MP: 2/2
   424 | D:2      | Reached XP level 2. HP: 25/25 MP: 3/3
   431 | D:2      | Found Hegokaf's Distillery.
   465 | D:2      | Reached XP level 3. HP: 16/31 MP: 4/4
   760 | D:3      | Found a runed translucent gate.
   760 | D:3      | Found a runed translucent gate.
   760 | D:3      | Found a runed translucent gate.
   763 | D:3      | Noticed HypermagicGuardian's ghost (novice HOMo)
   789 | D:3      | Noticed Jessica
   792 | D:3      | Reached skill level 1 in Stealth
   792 | D:3      | Reached XP level 4. HP: 38/38 MP: 5/5
   799 | D:3      | Killed Jessica
   909 | D:3      | Found a stormy altar of Qazlal.
   917 | D:3      | Became a worshipper of Qazlal Stormbringer
   963 | D:3      | Found a bloodstained altar of Trog.
   976 | D:3      | Noticed Terence
   986 | D:3      | Killed Terence
   987 | D:3      | Reached skill level 1 in Invocations
   987 | D:3      | Reached XP level 5. HP: 34/46 MP: 5/7
  1069 | D:3      | Found a faded altar of an unknown god.
  1336 | D:4      | Found a shimmering altar of Xom.
  1351 | D:4      | Found Wepurrorr's Antique Weapon Boutique.
  1363 | D:4      | Reached skill level 2 in Invocations
  1407 | D:4      | Found Nidiruh's Armour Boutique.
  1459 | D:4      | Found Mul Pagre's Self-Improvement Boutique.
  1614 | D:5      | Entered Level 5 of the Dungeon
  1622 | D:4      | Reached skill level 3 in Invocations
  1701 | D:4      | Reached XP level 6. HP: 30/53 MP: 9/9
  2269 | D:5      | Reached skill level 4 in Invocations
  2279 | D:5      | Noticed an ogre
  2281 | D:5      | Killed an ogre
  2282 | D:5      | Reached skill level 5 in Fighting
  2282 | D:5      | Reached skill level 5 in Invocations
  2282 | D:5      | Reached XP level 7. HP: 17/61 MP: 10/12
  2547 | D:5      | Found a staircase to the Ecumenical Temple.
  2570 | D:5      | Reached skill level 6 in Invocations
  2589 | D:5      | Found a snail-covered altar of Cheibriados.
  2864 | D:6      | Reached XP level 8. HP: 49/70 MP: 12/14
  3158 | D:6      | Reached skill level 7 in Invocations
  3161 | D:6      | Reached * piety under Qazlal
  3162 | D:6      | Reached skill level 8 in Invocations
  3476 | D:6      | Glimpsed the power of Zot.
  3631 | D:7      | Reached skill level 9 in Invocations
  4007 | D:8      | Noticed a steam dragon
  4025 | D:8      | Killed a steam dragon
  4026 | D:8      | Gained mutation: You passively map the area around you.
                  | [Meteoran growth]
  4026 | D:8      | Reached XP level 9. HP: 41/79 MP: 15/17
  4052 | D:8      | Reached skill level 10 in Invocations
  4098 | D:8      | HP: 2/79 [killer bee (8)]
  4099 | D:8      | Slain by a killer bee

Illustrated notes

Levels and vault maps discovered:
D:1:      nzn_arrival_settlement, layout_rooms, minmay_liquid_box
D:2:      layout_basic, serial_shops, shop
D:3:      layout_loops_ring, mainiacjoe_overflow_catwalk,
          mainiacjoe_overflow_24_doors, ebering_ghost_rock_garden,
          shapermc_ecumenical_altar_acropolis, uniq_jessica, uniq_terence
D:4:      layout_basic, kennysheep_little_box, serial_shops, nicolae_shop_stone,
          shop, kennysheep_mini_moat, serial_bayou_ford_a,
          nicolae_shop_self_help
D:5:      layout_loops_cross, mainiacjoe_overflow_cross_hatched,
          minmay_temple_entry_grid, minivault_5, eino_curves_02
D:6:      layout_loops_ring
D:7:      layout_basic, mainiacjoe_overflow_small_starburst
D:8:      layout_layer_cave, mainiacjoe_overflow_alcove_2, lemuel_crystal_altar,
          lair_entry_dummy, minmay_manual_moon

Skill      XL: |  1  2  3  4  5  6  7  8  9 |
---------------+----------------------------+-----
Fighting       | 2 3 4 5 7 |  7.2
Stealth        | 1 |  1.5
Invocations    | 1 3 5 6 9 10 | 10.1
Armour         | |  2.4
Dodging        | |  1.2
Evocations     | |  3.6

Action                   |  1- 3 |  4- 6 |  7- 9 || total
-------------------------+-------+-------+-------++-------
Melee: Whip              |    48 |   101 |   122 ||   271
       Club              |     6 |       |       ||     6
       Punch             |       |       |     2 ||     2
Throw: Dart              |       |     1 |    12 ||    13
Evoke: Wand              |    11 |    15 |    18 ||    44
  Use: Scroll            |     2 |     2 |     4 ||     8
       Potion            |       |       |     4 ||     4
Armor: Leather armour    |    32 |     3 |       ||    35
       Chain mail        |       |    35 |   105 ||   140
       Skin              |       |       |    15 ||    15
Dodge: Dodged            |    41 |    44 |    83 ||   168
Block: Other             |       |       |     7 ||     7

Table legend: (Time is in decaauts)
 A = Elapsed time spent in this place.
 B = Non-inter-level travel time spent in this place.
 C = Inter-level travel time spent in this place.
 D = Time resting spent in this place.
 E = Time spent auto-exploring this place.
 F = Levels seen in this place.
 G = Mean time per level.
                   A        B        C        D        E       F      G
               +--------+--------+--------+--------+--------+-----+--------+
         Total |   4127 |   4018 |    109 |   2125 |      5 |   8 |  515.9 |
       Dungeon |   4127 |   4018 |    109 |   2125 |      5 |   8 |  515.9 |
               +--------+--------+--------+--------+--------+-----+--------+

Top non-repeatable levels by time:
     D:4: 867 daAuts
     D:5: 789 daAuts
     D:6: 671 daAuts
     D:7: 515 daAuts
     D:3: 430 daAuts
     D:1: 410 daAuts
     D:2: 347 daAuts
     D:8: 95 daAuts
